 Dungeon Crawl Stone Soup version 0.31-a0-986-g5e6e4ef867 (webtiles) character file.

Game seed: 3228614624714572350

3215 p00ps00p the Cleaver (level 9, -2/83 HPs)
             Began as a Hill Orc Fighter on Nov 9, 2023.
             Was an Initiate of Gozag.
             Slain by a sleepcap (16 damage)
             ... on level 7 of the Dungeon.
             The game lasted 00:07:45 (4626 turns).

p00ps00p the Cleaver (Hill Orc Fighter)             Turns: 4626, Time: 00:07:46

Health: -2/83      AC: 12    Str: 23    XL:     9   Next: 97%
Magic:  9/9        EV:  2    Int:  8    God:    Gozag
Gold:   216        SH:  0    Dex: 10    Spells: 8/8 levels left

rFire   . . .        t - +1 broad axe (venom)
rCold   . . .        l - +3 tower shield
rNeg    + . .        p - +0 plate armour
rPois   .            (no helmet)
rElec   .            j - +0 cloak
rCorr   .            k - +0 pair of gloves
SInv    +            (no boots)
Will    .....        (no amulet) Stlth
                     n - ring of see invisible
HPRegen 0.33/turn    c - ring of positive energy
MPRegen 0.11/turn

%: no passive effects
@: mighty, sleeping, corroded, gold aura, hasted
A: no striking features
a: Renounce Religion, Potion Petition, Call Merchant, Bribe Branch


You were on level 7 of the Dungeon.
You worshipped Gozag.
Gozag was aware of your devotion.
You visited 2 branches of the dungeon, and saw 8 of its levels.

You collected 295 gold pieces.
You paid 79 gold pieces to Gozag.

Inventory:

Hand Weapons
 a - a +0 war axe
 f - a +2 whip of flaming
 t - a +1 broad axe of venom (weapon)
Missiles
 s - a throwing net
Armour
 j - a +0 cloak (worn)
 k - a +0 pair of gloves (worn)
 l - a +3 tower shield (worn)
 p - a +0 plate armour (worn)
Jewellery
 c - a ring of positive energy (right hand)
 n - a ring of see invisible (left hand)
 x - a ring of positive energy
Wands
 u - a wand of mindburst (10)
Scrolls
 e - 3 scrolls of immolation
 i - 3 scrolls of teleportation
 q - 2 scrolls of amnesia
Potions
 b - 3 potions of enlightenment
 g - 2 potions of lignification
 h - a potion of haste
 m - 2 potions of mutation
 o - a potion of heal wounds {unknown}
 r - a potion of brilliance {unknown}
 w - a potion of curing {unknown}


   Skills:
 + Level 9.0 Fighting
 + Level 9.3 Axes
 + Level 8.2 Armour
 + Level 8.2 Shields


You had 8 spell levels left.
You didn't know any spells.
Your spell library was empty.

Dungeon Overview and Level Annotations

Branches:
Dungeon (7/15)             Temple (1/1) D:6

Altars:
Ashenzari
Cheibriados
Dithmenos
Elyvilon
Fedhas
Gozag
Hepliaklqana
Kikubaaqudgha
Makhleb
Nemelex Xobeh
Okawaru
Qazlal
Ru
Sif Muna
Uskayaw
Vehumet
Wu Jian
Xom
Yredelemnul
Zin
The Shining One

Shops:
D:1 *

Annotations:
D:5 2 transporters


Message History

You hit the sleepcap.
The sleepcap is lightly damaged.
You slash the jelly!
Your hands burn!
You block the jelly's attack.
The sleepcap releases spores at you but does no damage.
You hit the sleepcap but do no damage.
The sleepcap is poisoned.
The sleepcap is lightly damaged.
You slash the jelly! The acid corrodes you!
Your hands burn!
You block the jelly's attack. The sleepcap releases spores at you.
You are engulfed in a cloud of soporific spores!
You fall asleep.
The jelly hits you but does no damage. The sleepcap releases spores at you!
You wake up.
* * * LOW HITPOINT WARNING * * *
The jelly barely misses you.
You are too injured to fight recklessly!
Unknown command.
You hit the sleepcap.
The sleepcap looks as sick as possible!
The sleepcap is heavily damaged.
You slash the jelly!
You kill the jelly!
The sleepcap barely misses you.
The sleepcap releases spores at you but does no damage.
Unknown command.
You hit the sleepcap.
The sleepcap is severely damaged.
You block the sleepcap's attack.
You completely miss the sleepcap.
The sleepcap is severely damaged.
You block the sleepcap's attack.
There is a stone staircase leading up here.
Unknown command.
You feel yourself speed up. The sleepcap barely misses you.
You feel very mighty all of a sudden. The sleepcap releases spores at you.
* * * LOW HITPOINT WARNING * * *
You are engulfed in a cloud of soporific spores!
You fall asleep.
The sleepcap releases spores at you!
You die...
Your body crumbles into a pile of gold.

#.......#.##
.###......#..#
.$........##..####
..####...........#
...........##....
.....#$..#.# ..
..<..#$..#...
.....(..f.###...
..#.....@.........
#..############..
... . .. .


You could see a sleepcap (very poisoned).

Vanquished Creatures
  Pikel (D:5)
  Joseph (D:7)
  4 yaks (D:5)
  A steam dragon (D:7)
  An ice beast (D:5)
  A sky beast (D:6)
  A black bear (D:6)
  3 centaurs
  3 lemures (D:5)
  2 phantoms (D:4)
  3 bullfrogs
  4 scorpions
  2 jellies
  6 hounds
  A sleepcap (D:4)
  Crazy Yiuf (D:4)
  A gnoll bouda (D:5)
  3 iguanas
  An orc wizard (D:6)
  10 adders
  3 gnolls (D:5)
  3 white imps
  A worm (D:2)
  2 dart slugs
  9 orcs (D:6)
  8 endoplasms
  2 giant cockroaches
  7 goblins
  6 hobgoblins
  2 jackals (D:1)
  3 kobolds
  2 quokkas
  5 ball pythons
  3 bats
  2 frilled lizards
  5 rats
113 creatures vanquished.

Vanquished Creatures (others)
  A bullfrog (D:7)
1 creature vanquished.

Grand Total: 114 creatures vanquished

Notes
Turn   | Place    | Note
-------+----------+-------------------------------------------
     0 | D:1      | p00ps00p the Hill Orc Fighter began the quest for the Orb.
     0 | D:1      | Reached XP level 1. HP: 19/19 MP: 1/1
    12 | D:1      | Found Wyidgh's General Store.
   153 | D:1      | Found a faded altar of an unknown god.
   184 | D:1      | Reached XP level 2. HP: 26/27 MP: 2/2
   802 | D:2      | Reached XP level 3. HP: 33/33 MP: 3/3
   807 | D:2      | You fall into a shaft and drop 1 floor!
   807 | D:3      | Found a broken altar of Ashenzari.
   812 | D:3      | Found a glowing golden altar of the Shining One.
   817 | D:3      | Found a snail-covered altar of Cheibriados.
  1457 | D:3      | Reached XP level 4. HP: 28/40 MP: 4/4
  2021 | D:4      | Reached XP level 5. HP: 44/47 MP: 5/5
  2085 | D:4      | Noticed a phantom
  2106 | D:4      | Killed a phantom
  2188 | D:4      | Reached skill level 5 in Fighting
  2188 | D:4      | Reached XP level 6. HP: 53/56 MP: 6/6
  2333 | D:4      | Reached skill level 5 in Axes
  2552 | D:4      | Reached skill level 5 in Armour
  2555 | D:4      | Reached skill level 5 in Shields
  2581 | D:4      | Reached XP level 7. HP: 61/61 MP: 7/7
  2812 | D:4      | Found a runed translucent door.
  2813 | D:4      | Noticed Crazy Yiuf
  2820 | D:4      | Killed Crazy Yiuf
  2859 | D:5      | Entered Level 5 of the Dungeon
  2967 | D:5      | Noticed Pikel
  2984 | D:5      | Killed Pikel
  2985 | D:5      | Reached XP level 8. HP: 17/71 MP: 8/8
  3569 | D:5      | Noticed a yak
  3570 | D:5      | Noticed a yak
  3570 | D:5      | Noticed a yak
  3570 | D:5      | Noticed a yak
  3576 | D:5      | Killed a yak
  3581 | D:5      | Killed a yak
  3585 | D:5      | Reached XP level 9. HP: 78/79 MP: 9/9
  3711 | D:5      | Found a transporter.
  3714 | D:5      | Found a transporter.
  3720 | D:5      | Found a burning altar of Makhleb.
  3990 | D:6      | Found a staircase to the Ecumenical Temple.
  4111 | Temple   | Entered the Ecumenical Temple
  4149 | Temple   | Became a worshipper of Gozag Ym Sagoz the Greedy
  4587 | D:7      | Noticed Joseph
  4599 | D:7      | Killed Joseph
  4626 | D:7      | Slain by a sleepcap

Illustrated notes

Levels and vault maps discovered:
D:1:      ncdulo_watergridlock, layout_loops_ring, serial_shops,
          nicolae_shop_hallway_stairs, shapermc_ecumenical_altar_starsandcircs
D:2:      layout_rooms, grunt_ministairs_5
D:3:      layout_loops_ring, minmay_overflow_temple_star_quad,
          reono_crystal_passage, nicolae_half_adder
D:4:      minmay_wonky_spiral, layout_rooms, serial_corexii_hall,
          corexii_hall_statues_i, corexii_hall_statues_u,
          uniq_crazy_yiuf_cottage
D:5:      layout_rooms, gammafunk_temple_overflow_arena, uniq_pikel
D:6:      layout_gridville, minmay_temple_entry_water_ring
D:7:      minmay_blocky_corners, layout_rooms, mainiacjoe_overflow_alcove_1,
          uniq_menkaure, uniq_joseph
Temple:   minmay_crystal_spiral_temple

Skill      XL: |  1  2  3  4  5  6  7  8  9 |
---------------+----------------------------+-----
Axes           | 3 4 5 6 7 9 |  9.3
Fighting       | 4 5 6 7 9 |  9.0
Armour         | 4 5 6 8 |  8.2
Shields        | 4 5 6 8 |  8.2

Action                     |  1- 3 |  4- 6 |  7- 9 || total
---------------------------+-------+-------+-------++-------
  Melee: War axe           |   115 |   109 |    59 ||   283
         Broad axe         |       |       |    97 ||    97
  Evoke: Wand              |       |       |     1 ||     1
    Use: Scroll            |    10 |     3 |     7 ||    20
         Potion            |       |       |     4 ||     4
 Armour: Scale mail        |    68 |       |       ||    68
         Plate armour      |    11 |    82 |   151 ||   244
  Dodge: Dodged            |    48 |     5 |    32 ||    85
  Block: Buckler           |    29 |       |       ||    29
         Tower shield      |    26 |    98 |   177 ||   301

Table legend: (Time is in decaauts)
 A = Elapsed time spent in this place.
 B = Non-inter-level travel time spent in this place.
 C = Inter-level travel time spent in this place.
 D = Time resting spent in this place.
 E = Time spent auto-exploring this place.
 F = Levels seen in this place.
 G = Mean time per level.
                   A        B        C        D        E       F      G
               +--------+--------+--------+--------+--------+-----+--------+
         Total |   4819 |   4459 |    360 |    100 |   3307 |   8 |  602.4 |
       Dungeon |   4742 |   4457 |    285 |    100 |   3307 |   7 |  677.4 |
        Temple |     76 |      1 |     75 |      0 |      0 |   1 |   76.0 |
               +--------+--------+--------+--------+--------+-----+--------+

Top non-repeatable levels by time:
     D:5: 983 daAuts
     D:4: 917 daAuts
     D:3: 771 daAuts
     D:1: 722 daAuts
     D:6: 717 daAuts
     D:2: 576 daAuts
  Temple: 76 daAuts
     D:7: 54 daAuts
